 Dungeon Crawl Stone Soup version 0.25.0-33-gff14898491 (webtiles) character file.

Game seed: 16682922936695363063

247 Descartes the Sneak (level 5, -1/27 HPs)
             Began as a Spriggan Wanderer on July 6, 2020.
             Killed from afar by Ijyb (16 damage)
             ... with a bolt of acid
             ... on level 3 of the Dungeon.
             The game lasted 00:05:58 (2302 turns).

Descartes the Sneak (Spriggan Wanderer)             Turns: 2302, Time: 00:06:00

Health: -1/27      AC:  5    Str: 11    XL:     5   Next: 85%
Magic:  6/6        EV: 19    Int: 16    God:
Gold:   89         SH:  0    Dex: 11    Spells: 4/4 levels left

rFire    . . .     SeeInvis +   a - +2 short sword
rCold    . . .     Gourm    .   (shield restricted)
rNeg     . . .     Faith    .   d - +0 robe
rPois    +         Spirit   .   (helmet restricted)
rElec    .         Reflect  .   i - +2 cloak
rCorr    .         Harm     .   (gloves unavailable)
MR       .....                  (boots unavailable)
Stlth    +++.......             (no amulet)
HPRegen  0.09/turn              m - ring of poison resistance
MPRegen  0.10/turn              (no ring)

@: very quick
A: very small, unfitting armour, see invisible, herbivore, speed 3, slow
metabolism 2
a: no special abilities


You were on level 3 of the Dungeon.
You were not hungry.

You visited 1 branch of the dungeon, and saw 3 of its levels.

You collected 89 gold pieces.

Inventory:

Hand Weapons
 a - a +2 short sword (weapon)
 b - a +2 vorpal hunting sling
 q - a +0 hand crossbow
Missiles
 c - 24 bolts
 g - 59 stones (quivered)
Armour
 d - a +0 robe (worn)
 i - a +2 cloak (worn)
Jewellery
 m - a ring of poison resistance (left hand)
Scrolls
 e - a scroll of remove curse {unknown}
 h - 3 scrolls of identify {unknown}
 k - a scroll of fog {unknown}
 n - 5 scrolls of teleportation {unknown}
 o - a scroll of random uselessness {unknown}
Potions
 j - 2 potions of curing {unknown}
 l - a potion of might {unknown}
 p - 2 potions of mutation {unknown}
 r - a potion of heal wounds {unknown}
 s - a potion of brilliance {unknown}
 t - 2 potions of stabbing {unknown}
Comestibles
 f - a ration


   Skills:
 - Level 2.4 Fighting
 + Level 4.2 Short Blades
   Level 1.5 Axes
 + Level 5.0 Dodging
 + Level 6.1 Stealth


You had 4 spell levels left.
You didn't know any spells.
Your spell library contained the following spells:

 Spells                   Type           Power        Failure   Level  Hunger
 Magic Dart               Conj           #...         26%         1    ##.....
 Blink                    Tloc           N/A          36%         2    ###....
 Call Imp                 Summ           #.......     36%         2    ###....
 Slow                     Hex            #.......     36%         2    ###....
 Conjure Flame            Conj/Fire      #.......     58%         3    ####...
 Mephitic Cloud           Conj/Pois/Air  #.......     58%         3    ####...


Dungeon Overview and Level Annotations

Branches:
Dungeon (3/15)

Altars:

Annotations:
D:3 Ijyb


Innate Abilities, Weirdness & Mutations

You are very small and have problems with some larger weapons.
You are too small for most types of armour.
You have supernaturally acute eyesight. (SInv)
You are a herbivore.
You cover ground extremely quickly.
You need to consume almost no food.


Message History

The hound misses you.
You hit the hound.
The hound is almost dead.
The hound bites you.
You hit the hound.
You kill the hound!
Your Dodging skill increases to level 5!
Your Stealth skill increases to level 6!
You hit Ijyb but do no damage.
Ijyb zaps a wand.
The bolt of acid misses you.
You hit Ijyb.
Ijyb is lightly wounded.
Ijyb completely misses you.
You hit Ijyb but do no damage.
Ijyb is lightly wounded.
Ijyb zaps a wand.
The bolt of acid misses you.
You hit Ijyb but do no damage.
Ijyb is lightly wounded.
Ijyb zaps a wand.
The bolt of acid hits you!
Ouch! That really hurt!
You die...

...#
###########..###
...#
#..............#
...#
#.#########.##.#
...# #.# #.#
..)###.# #.#
...'...# #.#
...##### #.#
...# #.# ####
#@# # #g# #
#...# . ....##.
# .....( .#
..... .# .....
.# .##. .# ## .#


You could see Ijyb.

Vanquished Creatures
  A hound (D:3)
  Crazy Yiuf (D:2)
  Jessica (D:2)
  An orc wizard (D:3)
  3 gnolls (D:3)
  4 adders
  An ooze (D:1)
  A dart slug (D:1)
  A leopard gecko (D:2)
  3 orcs (D:3)
  2 ball pythons
  6 bats
  5 giant cockroaches
  7 goblins
  6 hobgoblins
  11 jackals
  3 kobolds
  2 frilled lizards
  5 rats
64 creatures vanquished.

Notes
Turn   | Place    | Note
-------+----------+-------------------------------------------
     0 | D:1      | Descartes the Spriggan Wanderer began the quest for the
                  | Orb.
     0 | D:1      | Descartes set off with the following items: a +2 short
                  | sword, a +0 hand crossbow, 24 bolts, a +0 robe, a +0
                  | dagger, a ration
     0 | D:1      | Reached XP level 1. HP: 11/11 MP: 2/2
   409 | D:1      | Reached XP level 2. HP: 11/16 MP: 3/3
  1053 | D:1      | Reached XP level 3. HP: 19/19 MP: 4/4
  1214 | D:2      | Reached skill level 4 in Stealth
  1496 | D:2      | Noticed Jessica
  1498 | D:2      | Killed Jessica
  1498 | D:2      | Reached XP level 4. HP: 23/23 MP: 5/5
  1667 | D:2      | Found a runed translucent door.
  1668 | D:2      | Noticed Crazy Yiuf
  1698 | D:2      | Killed Crazy Yiuf
  1698 | D:2      | Reached skill level 5 in Stealth
  2024 | D:2      | Reached XP level 5. HP: 26/27 MP: 6/6
  2291 | D:3      | Noticed Ijyb
  2298 | D:3      | Reached skill level 5 in Dodging
  2298 | D:3      | Reached skill level 6 in Stealth
  2302 | D:3      | Killed from afar by Ijyb

Illustrated notes

Levels and vault maps discovered:
D:1:      kilobyte_arrival_exit_the_forest, layout_basic
D:2:      layout_basic, uniq_jessica, uniq_crazy_yiuf_cottage
D:3:      cheibrodos_greedy_goblins, layout_basic,
          nicolae_overflow_hidden_temple, lemuel_doored_altar, uniq_ijyb

Skill      XL: |  1  2  3  4  5 |
---------------+----------------+-----
Dodging        | 2 3 4 5 |  5.0
Stealth        | 4 5 6 |  6.1
Short Blades   | 3 4 |  4.2
Fighting       | |  2.4
Axes           | |  1.5

Action                   |  1- 3 |  4- 6 || total
-------------------------+-------+-------++-------
Melee: Short sword       |   114 |   105 ||   219
 Fire: Hunting sling     |     7 |    29 ||    36
 Stab: Sleeping          |     5 |     1 ||     6
Armor: Robe              |    21 |    14 ||    35
Dodge: Dodged            |    93 |    83 ||   176
